 Dungeon Crawl Stone Soup version 0.30-a0-170-g85af917532 (webtiles) character file.

Game seed: 1158884979606541896

595849 KennySheep the Thanatomancer (level 27, -11/164 HPs)
             Began as a Tengu Delver on Sept 30, 2022.
             Was the Champion of Cheibriados.
             Killed from afar by an orb of fire (17 damage)
             ... with a fireball
             ... on level 5 of the Realm of Zot on Oct 1, 2022.
             The game lasted 04:51:11 (64914 turns).

KennySheep the Thanatomancer (Tengu Delver)        Turns: 64914, Time: 04:51:11

Health: -11/164    AC: 37    Str: 43    XL:     27
Magic:  19/48      EV: 21    Int: 46    God:    Cheibriados [******]
Gold:   5261       SH: 33    Dex: 37    Spells: 8/44 levels left

rFire   + . .      SeeInvis +    a - +9 broad axe (elec)
rCold   + + .      Faith    .    r - +7 tower shield of Submission {+Blink rC+ Int+3}
rNeg    . . .      Spirit   .    g - +8 orange crystal plate armour {Archmagi, Int+3 Clar}
rPois   +          Reflect  .    p - +3 hat of Pondering {ponderous, Will+ MP+10 Int+5}
rElec   +          Harm     .    n - +0 cloak {Will+}
rCorr   .          Rampage  .    B - +1 pair of gloves of Summer {rElec rPois Regen+}
Will    ++++.      Archmagi +    (boots unavailable)
Stlth   .......... Clarity  +    i - amulet of Ygimomm {rC+ Regen+ Int+2 SInv}
HPRegen 1.97/turn                x - ring "Meghay" {Contam rF+ AC+4 Str+6}
MPRegen 0.31/turn                N - ring "Jerro" {MP+9 Str+6 Dex+7}

@: about to teleport, death channelling, flying quickly and evasively, studying
Unarmed Combat, very slow
A: beak, talons 3, nimble flight, horns 1, clumsy 1, deformed body, low MP 2,
weak 1, devolution 2
}: 3/15 runes: barnacled, silver, gossamer
a: Renounce Religion, Evoke Blink, Bend Time, Temporal Distortion, Slouch, Step
From Time


You were on level 5 of the Realm of Zot.
You worshipped Cheibriados.
Cheibriados was exalted by your worship.
You visited 9 branches of the dungeon, and saw 47 of its levels.
You also visited: Volcano.

You collected 9711 gold pieces.
You spent 4450 gold pieces at shops.

Inventory:

Hand Weapons
 a - a +9 broad axe of electrocution (weapon)
 C - the +11 war axe "Oneef" {flame, Will+}
   (You found it on level 7 of the Dungeon)

   It burns those it strikes, dealing additional fire damage.
   Big, fiery blades are also staple armaments of hydra-hunters.
   Will:      It increases your willpower.
Missiles
 y - a throwing net
Armour
 g - the +8 orange crystal plate armour (worn) {Archmagi, Int+3 Clar}
   (You found it on level 8 of the Dungeon)

   Int:       It affects your intelligence (+3).
   Clar:      It protects you against confusion.
 n - a +0 cloak of willpower (worn)
 p - the +3 hat of Pondering (worn) {ponderous, Will+ MP+10 Int+5}
   (You bought it in a shop on level 2 of the Orcish Mines)

   Int:       It affects your intelligence (+5).
   MP:        It affects your magic capacity (+10).
   Will:      It increases your willpower.
 r - the +7 tower shield of Submission (worn) {+Blink rC+ Int+3}
   (You acquired it on level 1 of the Vaults)

   Int:       It affects your intelligence (+3).
   rC:        It protects you from cold.
   +Blink:    It lets you blink.
 B - the +1 pair of gloves of Summer (worn) {rElec rPois Regen+}
   (You found it on level 3 of the Depths)

   rElec:     It insulates you from electricity.
   rPois:     It protects you from poison.
   Regen:     It increases your rate of health regeneration.
Magical Staves
 b - a staff of death
 L - a staff of earth
Jewellery
 i - the amulet of Ygimomm (around neck) {rC+ Regen+ Int+2 SInv}
   (You found it on level 14 of the Dungeon)

   [amulet of regeneration]

   Int:       It affects your intelligence (+2).
   rC:        It protects you from cold.
   SInv:      It lets you see invisible.
   Regen:     It increases your rate of health regeneration.
 x - the ring "Meghay" (left hand) {Contam rF+ AC+4 Str+6}
   (You found it on level 3 of the Spider Nest)

   [ring of protection]

   AC:        It affects your AC (+4).
   Str:       It affects your strength (+6).
   rF:        It protects you from fire.
   Contam:    It causes magical contamination when unequipped.
 N - the ring "Jerro" (right hand) {MP+9 Str+6 Dex+7}
   (You found it on level 2 of the Shoals)

   [ring of magical power]

   Str:       It affects your strength (+6).
   Dex:       It affects your dexterity (+7).
   MP:        It affects your magic capacity (+9).
Wands
 h - a wand of paralysis (56)
 l - a wand of polymorph (13)
 A - a wand of acid (29)
 G - a wand of mindburst (51)
 R - a wand of digging (18)
 U - a wand of flame (93)
 W - a wand of roots (37)
Scrolls
 c - 14 scrolls of fog
 d - 5 scrolls of magic mapping
 e - 8 scrolls of fear
 o - 2 scrolls of brand weapon
 q - 19 scrolls of teleportation
 s - 6 scrolls of silence
 t - 10 scrolls of poison
 E - 2 scrolls of enchant weapon
 I - 2 scrolls of summoning
 M - 13 scrolls of amnesia
 Y - 8 scrolls of blinking
 Z - 5 scrolls of enchant armour
Potions
 f - 8 potions of haste
 j - 10 potions of ambrosia
 m - 5 potions of invisibility
 u - 5 potions of heal wounds
 v - 10 potions of might
 w - 12 potions of mutation
 z - 24 potions of curing
 F - 6 potions of cancellation
 H - 10 potions of magic
 K - 3 potions of berserk rage
 V - 4 potions of brilliance
 X - 8 potions of resistance
Miscellaneous
 D - a phantom mirror
 O - a phantom mirror
 P - a phantom mirror


   Skills:
 - Level 14.3 Fighting
 - Level 2.3 Long Blades
 - Level 17.9(18.0) Axes
 - Level 2.0(11.9) Maces & Flails
 - Level 17.0 Armour
 - Level 10.1 Dodging
 - Level 11.4 Stealth
 - Level 17.3 Shields
 - Level 9.0 Spellcasting
 * Level 25.3 Necromancy
 - Level 5.9 Translocations
 - Level 2.8 Transmutations
 - Level 13.2 Air Magic
 - Level 12.0 Earth Magic
 + Level 15.6 Invocations
 - Level 4.6 Evocations


You had 8 spell levels left.
You knew the following spells:

 Your Spells              Type           Power      Damage    Failure   Level
a - Airstrike             Air            60%        2d(9-25)  1%          4
b - Cigotuvi's Dreadful   Necr/Pois/Air  100%       N/A       1%          2
c - Borgnjor's Vile Clut  Necr/Erth      68%        N/A       1%          5
d - Dispel Undead         Necr           100%       3d31      0%          4
e - Blink                 Tloc           100%       N/A       3%          2
f - Death Channel         Necr           77%        N/A       1%          6
g - Vampiric Draining     Necr           100%       2d13      0%          3
h - Infestation           Necr           77%        N/A       4%          8
z - Passwall              Tmut/Erth      77%        N/A       1%          2

Your spell library contained the following spells:

 Spells                   Type           Power      Damage    Failure   Level
 Sublimation of Blood     Necr           100%       N/A       0%          2
 Animate Dead             Necr           100%       N/A       0%          4
 Swiftness                Air            100%       N/A       1%          3
 Poisonous Vapours        Pois/Air       100%       N/A       2%          2
 Kindle Blastsparks       Fire/Tloc/Air  100%       2d18      4%          3
 Gell's Gravitas          Tloc           85%        N/A       6%          3
 Lesser Beckoning         Tloc           85%        N/A       6%          3
 Stone Arrow              Conj/Erth      100%       3d13      6%          3
 Teleport Other           Tloc           85%        N/A       6%          3
 Wereblood                Tmut           63%        N/A       11%         2
 Mephitic Cloud           Conj/Pois/Air  75%        N/A       11%         3
 Petrify                  Tmut/Erth      93%        N/A       11%         4
 Summon Lightning Spire   Summ/Air       89%        N/A       16%         4
 Animate Armour           Summ/Erth      100%       N/A       19%         4
 Portal Projectile        Hex/Tloc       100%       N/A       21%         3
 Manifold Assault         Tloc           85%        N/A       21%         4
 Foxfire                  Conj/Fire      100%       2x1d9     22%         1
 Summon Small Mammal      Summ           100%       N/A       22%         1
 Ensorcelled Hibernation  Hex/Ice        62%        N/A       34%         2
 Scorch                   Fire           62%        2d8       34%         2
 Lightning Bolt           Conj/Air       44%        1d64      38%         5
 Ignite Poison            Fire/Tmut/Pois 44%        N/A       43%         3
 Call Canine Familiar     Summ           31%        N/A       56%         3
 Frozen Ramparts          Ice            62%        1d10      56%         3
 Inner Flame              Hex/Fire       31%        N/A       56%         3
 Ozocubu's Armour         Ice            31%        N/A       56%         3
 Summon Guardian Golem    Hex/Summ       31%        N/A       56%         3
 Tukima's Dance           Hex            31%        N/A       56%         3
 Freezing Cloud           Conj/Ice/Air   37%        6-21      71%         5
 Haunt                    Necr/Summ      58%        N/A       73%         7
 Ice Form                 Ice/Tmut       50%        N/A       77%         4
 Statue Form              Tmut/Erth      62%        N/A       86%         6
 Blade Hands              Tmut           31%        N/A       89%         5
 Cause Fear               Hex            15%        N/A       92%         4
 Flame Wave               Conj/Fire      31%        2d9       92%         4
 Sticky Flame             Conj/Fire      31%        2d5       92%         4
 Summon Ice Beast         Ice/Summ       31%        N/A       92%         4
 Dispersal                Tloc           42%        N/A       97%         6
 Alistair's Intoxication  Tmut/Pois      33%        N/A       98%         5
 Fireball                 Conj/Fire      15%        3d8       99%         5
 Metabolic Englaciation   Hex/Ice        15%        N/A       99%         5
 Necromutation            Tmut/Necr      61%        N/A       99%         8
 Eringya's Noxious Bog    Tmut/Pois      25%        N/A       100%        6
 Starburst                Conj/Fire      15%        6d6       100%        6
 Summon Cactus Giant      Summ           15%        N/A       100%        6
 Dragon Form              Tmut           31%        N/A       100%        7
 Malign Gateway           Summ/Tloc      32%        N/A       100%        7
 Ozocubu's Refrigeration  Ice            15%        4d10      100%        7
 Storm Form               Tmut/Air       48%        N/A       100%        7
 Summon Hydra             Summ           15%        N/A       100%        7
 Discord                  Hex            15%        N/A       100%        8
 Disjunction              Tloc           42%        N/A       100%        8
 Ignition                 Fire           15%        3d6       100%        8
 Lehudib's Crystal Spear  Conj/Erth      42%        10d10     100%        8
 Maxwell's Capacitive Co  Air            60%        ∞         100%        8
 Summon Horrible Things   Summ           15%        N/A       100%        8
 Dragon's Call            Summ           15%        N/A       100%        9


Dungeon Overview and Level Annotations

Branches:
Dungeon (15/15)            Temple (0/1) D:5            Lair (5/5) D:10
 Shoals (4/4) Lair:2       Spider (4/4) Lair:2        Slime (0/5) Lair:4
    Orc (2/2) D:10            Elf (3/3) Orc:2        Vaults (5/5) D:13
  Crypt (0/3) Vaults:2     Depths (4/4) D:15            Zot (5/5) Depths:4
Volcano (visited)

Altars:
Cheibriados
Elyvilon
Gozag
Hepliaklqana
Kikubaaqudgha
Makhleb
Nemelex Xobeh
Trog
Uskayaw
Vehumet
Zin
The Shining One
Jiyva

Shops:
D:2 [   D:3 (   D:6 :=   D:7 *   D:14 ((!   D:15 ??=[   Orc:2 :([!?   Elf:1 ::=
Elf:2 *   Vaults:1 [!*(*   Vaults:2 (   Vaults:3 (   Vaults:5 ???

Portals:
Hell: Depths:1 Depths:2 Depths:3 Depths:4
Abyss: D:10 Depths:3
Pandemonium: Orc:2 Depths:2 Depths:4
Ziggurat: Depths:3
Trove: Depths:3 (give 12 potions of heal wounds)

Annotations:
D:2 1 runed translucent door, Crazy Yiuf
D:11 1 transporter
D:13 2 transporters, Dasoin's ghost, journeyman DrCj
D:14 2 transporters, jejorda2's ghost, journeyman MfBe
Shoals:2 Polyphemus
Elf:2 5 runed translucent doors
Depths:3 exclusions: angel, daeva and 2 more exclusions


Innate Abilities, Weirdness & Mutations

You have a beak for a mouth.
You have claws for feet.
Your magical nature lets you fly swiftly and evasively.
You have a pair of small horns on your head.
You are clumsy. (Dex -2)
Armour fits poorly on your strangely shaped body.
Your magical capacity is very low. (-20% MP)
You are weak. (Str -2)
You have terrible hidden genetic defects.


Message History

You completely miss the orb of fire. Your kick misses the orb of fire.
Your headbutt misses the orb of fire.
You peck the orb of fire, but do no damage.
The orb of fire is heavily damaged.
Your death scarab bites the orb of fire but does no damage.
The orb of fire glows red.
The bolt of fire hits you!! You resist.
Your spectral Killer Klown barely misses the orb of fire.
The orb of fire glows red.
The bolt of fire hits your spectral Killer Klown!!!
Your spectral Killer Klown is destroyed!
The bolt of fire hits you but does no damage.
Your death scarab barely misses the orb of fire.
You hit the orb of fire but do no damage.
You claw the orb of fire! Your headbutt misses the orb of fire.
The orb of fire is severely damaged.
Your death scarab bites the orb of fire but does no damage.
The orb of fire glows deep purple.
The fireball explodes!
The fireball engulfs you!! You resist.
* * * LOW HITPOINT WARNING * * *
The fireball engulfs the orb of fire.
The orb of fire completely resists.
The fireball engulfs your death scarab!!!!
Your death scarab is destroyed!
The orb of fire emits a lurid red light.
The fireball explodes!
The fireball engulfs you!! You resist.
* * * LOW HITPOINT WARNING * * *
The fireball engulfs the orb of fire.
The orb of fire completely resists.
You slice the orb of fire!! Your kick misses the orb of fire.
The orb of fire is severely damaged.
You feel much better.
The orb of fire glows red.
The fireball explodes!
The fireball engulfs you!!! You resist.
* * * LOW HITPOINT WARNING * * *
The fireball engulfs the orb of fire.
The orb of fire completely resists.
The fireball engulfs the orb of fire.
The orb of fire completely resists.
The orb of fire glows red.
The bolt of fire misses you.
The orb of fire glows bright magenta.
The fireball explodes!
The fireball engulfs you! You resist.
You die...

....#* ##...............,**
....# ##.................,**
...## #...................,*
...# #....^..))..........,*
...## #...[...............,*
^...# #...................,*
....## #.^..^.^............,*
.....###........)..........,*
###^..###.......@*......§..**
##....##....^.*........^#*
###..!^^...^..........##
#▓▓▓▓▓▓▓▓▓▓▓##.....▓▓
****^,,,,,,,.......▓*
***,,,^,,,,,,.........▓*
**,,,,,,,,,,,...........** **
*,,,,,,,,,,,...^........,*
,***,,,,,,,,,,............^,*


You could see 2 orbs of fire.

Vanquished Creatures
  4 dread liches
  3 orbs of fire (Zot:5)
  2 ancient liches
  3 juggernauts
  Boris (twice) (Vaults:4 Depths:3)
  Sojobo (Depths:3)
  Vv (Depths:3)
  Frederick (Vaults:4)
  4 Killer Klowns
  Bai Suzhen (Vaults:2)
  3 caustic shrikes
  Nikola (Elf:1)
  Jory (Vaults:3)
  6 golden dragons
  A bone dragon (Zot:1)
  2 electric golems (Zot:1)
  23 tentacled monstrosities
  3 walking earthen tomes
  2 walking crystal tomes (Depths:2)
  Mlioglotl (Shoals:1)
  4 liches
  Rupert (Orc:1)
  4 Orb Guardians (Zot:5)
  2 deep elf blademasters (Elf:3)
  A walking divine tome (Depths:4)
  10 titans
  2 deep elf master archers (Elf:3)
  A walking frostbound tome (Depths:4)
  Frances (Shoals:1)
  12 death cobs
  3 krakens
  6 quicksilver dragons
  7 sphinxes
  14 tengu reavers
  12 shadow dragons
  Donald (Vaults:4)
  16 storm dragons
  6 draconian monks
  The ghost of pigah the Stormcaller, an adept OpAE of Gozag (Elf:2)
  Ilsuiw (Shoals:2)
  4 draconian knights
  12 fire giants
  20 frost giants
  2 ghost moths
  2 deep elf sorcerers
  A caustic shrike zombie (Depths:1)
  Aizul (Vaults:3)
  4 emperor scorpions (Spider:4)
  4 draconian scorchers
  4 iron dragons
  22 vault wardens
  4 spectral caustic shrikes (Depths:3)
  4 deep elf elementalists (Elf:3)
  7 draconian shifters
  4 draconian stormcallers
  2 spriggan defenders (Depths:2)
  4 draconian annihilators
  12 ironbound preservers
  2 war gargoyles (Vaults:5)
  5 ironbound thunderhulks
  A quicksilver ooze (shapeshifter) (Vaults:5)
  22 stone giants
  A broodmother (Spider:2)
  13 very ugly things
  6 vampire knights
  11 black draconians
  6 deep elf demonologists
  8 purple draconians
  A caustic shrike skeleton (Depths:3)
  9 green draconians
  9 red draconians
  8 white draconians
  8 yellow draconians
  14 spark wasps
  7 deep elf annihilators
  17 dire elephants
  The ghost of Shard1697 the Basher, a journeyman DsFi of Ru (Orc:2)
  The ghost of Ivofaura the Spry, a journeyman FeSu of Gozag (Shoals:1)
  A crystal guardian (Vaults:2)
  13 ettins
  7 deep elf death magi
  12 yaktaur captains
  16 fire dragons
  5 merfolk javelineers
  4 entropy weavers
  8 great orbs of eyes
  A deep elf high priest (Elf:3)
  14 merfolk impalers
  5 rakshasas (Depths:2)
  29 vault guards
  Erolcha (D:11)
  10 spriggan air magi
  3 jorogumos
  7 hydras
  A peacekeeper (Vaults:2)
  10 ironbound frosthearts
  2 catoblepae
  3 demonspawn (Orc:2)
  18 ice dragons
  2 ogre magi
  11 centaur warriors
  An alligator snapping turtle (Shoals:3)
  4 merfolk aquamancers
  2 merfolk avatars
  5 satyrs
  11 boulder beetles
  A death knight (D:8)
  4 radroaches
  16 dancing weapons
  The ghost of KennySheep the Cleaver, a novice PaGl of the Shining One (D:10)
  9 tengu warriors
  12 two-headed ogres
  Urug (Orc:2)
  15 deep troll earth magi
  10 orc high priests (Orc:2)
  11 spriggan berserkers
  A vampire mage (Depths:2)
  13 death yaks
  5 deep troll shamans
  13 deep elf knights
  A soul eater (Orc:2)
  2 hell knights (Depths:2)
  4 iron trolls
  5 pharaoh ants
  2 shock serpents (shapeshifter)
  5 skeletal warriors
  A spark wasp zombie (Depths:1)
  5 sun moths
  A shadow wraith (D:8)
  A glowing orange brain (shapeshifter) (Vaults:4)
  3 flayed ghosts (Depths:3)
  16 orb spiders
  11 glowing orange brains
  6 steelbarb worms
  32 deep trolls
  7 sea snakes
  10 deep elf archers
  A steelbarb worm (shapeshifter) (Vaults:4)
  3 lindwurms (Vaults:1)
  A tengu zombie (Depths:3)
  8 wizards
  5 phantasmal warriors
  7 necromancers
  An iron dragon zombie (Depths:3)
  22 deep elf pyromancers
  18 ironbound convokers
  13 deep elf zephyrmancers
  2 harpies (shapeshifter)
  12 harpies
  2 stone giant zombies
  18 fauns
  4 orc knights (Orc:2)
  19 wolf spiders
  2 orc sorcerers (Orc:2)
  An oklob plant (Lair:3)
  A tengu skeleton (Vaults:4)
  4 cyclopes
  10 manticores
  25 ugly things
  2 sphinx skeletons (Depths:3)
  34 moths of wrath
  15 merfolk sirens
  A black mamba (Lair:4)
  3 water nymphs
  2 toenail golems (D:10)
  An apocalypse crab (Shoals:2)
  3 elephants (Lair:4)
  2 rust devils (Orc:2)
  13 vault sentinels
  3 gargoyles
  A guardian serpent (shapeshifter) (Depths:1)
  A yaktaur zombie (Vaults:4)
  Maggie (D:6)
  11 cane toads
  An elf skeleton (Vaults:4)
  3 torpor snails
  An unseen horror (D:11)
  7 kobold demonologists
  6 rime drakes
  A freezing wraith (Vaults:5)
  5 demonic crawlers
  40 yaktaurs
  10 komodo dragons
  2 tengu conjurers (Depths:2)
  A yaktaur skeleton (Vaults:2)
  22 merfolk
  An ice devil (Orc:2)
  A queen bee (Spider:1)
  5 trolls
  A troll (shapeshifter) (Elf:1)
  3 meliai (Spider:1)
  5 hornets
  5 polar bears (Lair:5)
  A meliai (shapeshifter) (Depths:2)
  4 human skeletons
  31 tarantellas
  Grinder (D:4)
  15 blink frogs
  A sphinx simulacrum (Depths:1)
  6 dream sheep
  32 slime creatures
  11 snapping turtles
  5 wind drakes
  A dream sheep (shapeshifter) (Vaults:5)
  34 jumping spiders
  14 culicivoras
  A stone giant simulacrum (Vaults:4)
  An ettin skeleton (Vaults:4)
  21 water elementals
  3 air elementals
  A shadow (D:11)
  5 wraiths
  7 wyverns
  13 spriggans
  66 yaks
  2 fire elementals (Elf:2)
  4 basilisks
  4 vampire mosquitoes
  2 steam dragons (D:9)
  45 redbacks
  A swamp worm (shapeshifter) (D:10)
  3 wargs
  5 acid dragons
  12 water moccasins
  An ogre skeleton (Vaults:4)
  A glowing shapeshifter skeleton (Vaults:4)
  3 ice beasts
  A human zombie (Vaults:2)
  2 black bears
  A black bear (shapeshifter) (D:15)
  30 orc warriors
  18 wolves
  15 boggarts
  13 centaurs
  7 ogres
  5 kobold brigands
  13 bullfrogs
  A necrophage (D:5)
  2 gnoll sergeants
  4 scorpions (D:5)
  4 wights
  6 jellies
  12 killer bees
  7 howler monkeys
  2 electric eels (Lair:4)
  A human simulacrum (Vaults:4)
  8 hounds
  A gnoll bouda (D:8)
  22 orc priests
  Terence (D:2)
  17 orc wizards
  16 gnolls
  5 adders
  3 shadow imps
  2 white imps (D:8)
  4 ufetubi
  5 worms
  3 dart slugs
  63 orcs
  4 endoplasms
  3 giant cockroaches
  A giant cockroach (shapeshifter) (Vaults:2)
  12 goblins
  6 hobgoblins
  6 jackals
  4 quokkas
  8 ball pythons
  7 bats
  5 frilled lizards
  17 kobolds
  7 rats
  A butterfly (Lair:5)
  A plant (Shoals:4)
  8 tentacles
1996 creatures vanquished.

Vanquished Creatures (collateral kills)
  A dread lich (Zot:5)
  3 golden dragons
  An electric golem (Zot:5)
  A tentacled monstrosity (Zot:4)
  A lich (Depths:4)
  6 Orb Guardians (Zot:5)
  A storm dragon (Zot:3)
  2 draconian monks
  A frost giant (Depths:4)
  A vault warden (Vaults:4)
  3 deep elf sorcerers (Elf:3)
  A draconian scorcher (Zot:3)
  2 draconian stormcallers
  4 draconian annihilators
  2 black draconians
  A red draconian (Zot:4)
  2 deep elf annihilators (Elf:3)
  A white draconian (Zot:5)
  A yellow draconian (Zot:3)
  3 deep elf death magi (Elf:3)
  An ice dragon (Depths:4)
  4 slime creatures (Vaults:4)
  2 flayed ghosts (Depths:4)
  5 yaktaurs (Vaults:4)
50 creatures vanquished.

Vanquished Creatures (others)
  A dread lich (Vaults:5)
  A deep elf sorcerer (Vaults:5)
  A satyr (Shoals:4)
  A wolf spider (Spider:4)
  An electric eel (D:13)
  57 fungi
  278 plants
  11 tentacles
351 creatures vanquished.

Grand Total: 2397 creatures vanquished

Notes
Turn   | Place    | Note
-------+----------+-------------------------------------------
     0 | D:5      | KennySheep the Tengu Delver began the quest for the Orb.
     0 | D:5      | Reached XP level 1. HP: 14/14 MP: 2/2
    94 | D:3      | Found Laorroicw's Weapon Shop.
   259 | D:3      | Identified the +6 flail of Moeps {freeze, rPois Will+}
   345 | D:2      | Reached XP level 2. HP: 19/19 MP: 3/3
   606 | D:2      | Reached skill level 1 in Maces & Flails
   606 | D:2      | Reached skill level 1 in Armour
   710 | D:2      | Reached XP level 3. HP: 17/23 MP: 4/4
  1156 | D:1      | Got the Compendium of Earth
  1209 | D:1      | Found a faded altar of an unknown god.
  1220 | D:1      | Prayed at the altar of an unknown god.
  1220 | D:1      | Became a worshipper of Cheibriados the Contemplative
  1220 | D:1      | Reached * piety under Cheibriados
  1408 | D:1      | Reached XP level 4. HP: 28/28 MP: 5/5
  1624 | D:2      | Found a runed translucent door.
  1625 | D:2      | Noticed Crazy Yiuf
  1667 | D:2      | Noticed Terence
  1673 | D:2      | Killed Terence
  1759 | D:2      | Found Alyxuig's Antique Armour Shoppe.
  1818 | D:2      | Reached ** piety under Cheibriados
  2214 | D:3      | Noticed an ogre
  2221 | D:3      | Killed an ogre
  2222 | D:3      | Reached skill level 1 in Axes
  2222 | D:3      | Gained mutation: Your magical nature lets you fly swiftly
                  | and evasively. [Tengu growth]
  2222 | D:3      | Reached XP level 5. HP: 18/33 MP: 6/6
  2501 | D:3      | Reached skill level 1 in Invocations
  2501 | D:3      | Reached XP level 6. HP: 38/38 MP: 7/7
  3035 | D:4      | Noticed Grinder
  3052 | D:4      | Killed Grinder
  3053 | D:4      | Reached XP level 7. HP: 33/44 MP: 9/9
  3320 | D:5      | Reached skill level 5 in Fighting
  3450 | D:5      | Reached XP level 8. HP: 49/49 MP: 11/11
  3595 | D:5      | Noticed a hornet
  3609 | D:5      | Killed a hornet
  3645 | D:5      | Reached skill level 5 in Armour
  3652 | D:5      | Reached *** piety under Cheibriados
  3978 | D:5      | Reached XP level 9. HP: 55/55 MP: 12/12
  4032 | D:5      | Found a staircase to the Ecumenical Temple.
  4093 | D:5      | Reached skill level 5 in Axes
  4696 | D:6      | Noticed Maggie
  4703 | D:6      | Killed Maggie
  4703 | D:6      | Reached **** piety under Cheibriados
  4781 | D:6      | Found Ofebam's One-of-a-Kind Rings.
  5038 | D:6      | Found Dixennuc's Book Emporium.
  5291 | D:7      | Found Etomazie's CLEARANCE SALE!.
  5594 | D:7      | Identified the +11 war axe "Oneef" {flame, Will+}
  5910 | D:8      | Reached ***** piety under Cheibriados
  5937 | D:8      | Reached XP level 10. HP: 55/61 MP: 14/14
  5988 | D:8      | Reached skill level 5 in Invocations
  6809 | D:8      | Noticed a boulder beetle
  6809 | D:8      | Noticed a boulder beetle
  6809 | D:8      | Found the +8 orange crystal plate armour {Archmagi, Int+3
                  | Clar}
  6810 | D:8      | Found a runed translucent door.
  6812 | D:8      | Noticed a fire dragon
  6812 | D:8      | Noticed a red ugly thing
  6812 | D:8      | Noticed an eight-headed hydra
  6812 | D:8      | Noticed a death knight
  6812 | D:8      | Noticed a centaur warrior
  7157 | D:9      | Noticed a two-headed ogre
  7164 | D:9      | Killed a two-headed ogre
  7614 | D:9      | Reached XP level 11. HP: 54/68 MP: 16/16
  7910 | D:9      | Found an opulent altar of Gozag.
  8071 | D:10     | Entered Level 10 of the Dungeon
  8332 | D:10     | Found a staircase to the Lair.
  8514 | D:10     | Found a transporter.
  8527 | D:10     | Found a transporter.
  8530 | D:10     | Noticed a skeletal warrior
  8533 | D:10     | Found a one-way gate to the infinite horrors of the Abyss.
  8533 | D:10     | Noticed KennySheep's ghost (novice PaGl)
  8641 | D:10     | Reached skill level 10 in Axes
  8734 | D:10     | Found a staircase to the Orcish Mines.
  9048 | Lair:1   | Entered Level 1 of the Lair of Beasts
  9448 | Lair:1   | Reached ****** piety under Cheibriados
  9462 | Lair:1   | Reached XP level 12. HP: 74/75 MP: 18/18
 10264 | Lair:2   | Reached skill level 10 in Stealth
 10290 | Lair:2   | Noticed a catoblepas
 10295 | Lair:2   | Killed a catoblepas
 10338 | Lair:2   | Found a dark tunnel.
 10388 | Volcano  | Entered a volcano
 10472 | Volcano  | Noticed a two-headed ogre
 10475 | Volcano  | Killed a two-headed ogre
 10535 | Volcano  | Noticed a red draconian
 10548 | Volcano  | Killed a red draconian
 10585 | Volcano  | Noticed an ogre mage
 10585 | Volcano  | Noticed a two-headed ogre
 10585 | Volcano  | Noticed a two-headed ogre
 10590 | Volcano  | Killed an ogre mage
 10593 | Volcano  | Killed a two-headed ogre
 10595 | Volcano  | Killed a two-headed ogre
 10596 | Volcano  | Reached skill level 5 in Dodging
 10715 | Lair:2   | Found a hole to the Spider Nest.
 10846 | Lair:2   | Found a staircase to the Shoals.
 11466 | Lair:3   | Reached XP level 13. HP: 80/80 MP: 19/19
 11906 | Lair:3   | Reached skill level 10 in Armour
 11987 | Lair:4   | Reached skill level 10 in Fighting
 13155 | D:6      | Bought the ring "Runoptei" {+Blink Dex+6} for 700 gold
                  | pieces
 13618 | D:8      | Killed a fire dragon
 13756 | D:8      | Reached skill level 1 in Evocations
 13783 | D:8      | Got the Disquisition on Congealing Sinister Liturgies
 14041 | D:8      | Learned a level 4 spell: Airstrike
 14283 | Lair:4   | Reached skill level 1 in Spellcasting
 14283 | Lair:4   | Reached skill level 1 in Air Magic
 14283 | Lair:4   | Reached XP level 14. HP: 88/88 MP: 21/21
 14834 | Lair:4   | Found a viscous altar of Jiyva.
 14835 | Lair:4   | Found a staircase to the Slime Pits.
 14919 | Lair:5   | Entered Level 5 of the Lair of Beasts
 16177 | Lair:5   | Reached skill level 5 in Air Magic
 16484 | Orc:1    | Entered Level 1 of the Orcish Mines
 16651 | Orc:2    | Entered Level 2 of the Orcish Mines
 16656 | Orc:2    | Noticed Rupert
 16680 | Orc:1    | Killed Rupert
 16989 | Orc:2    | Found a transporter.
 16998 | Orc:2    | Noticed Shard1697's ghost (journeyman DsFi)
 17045 | Orc:2    | Found a transporter.
 17076 | Orc:2    | Noticed Urug
 17079 | Orc:2    | Killed Urug
 17085 | Orc:2    | Found Bileyvua's Armour Shop.
 17122 | Orc:2    | Bought the +3 hat of Pondering {ponderous, Will+ MP+10
                  | Int+5} for 571 gold pieces
 17122 | Orc:2    | Found the +3 hat of Pondering {ponderous, Will+ MP+10
                  | Int+5}
 17329 | Orc:2    | Found a staircase to the Elven Halls.
 17925 | Orc:2    | Found Ycvob's Distillery.
 17928 | Orc:2    | Found Ishri's Magic Scroll Shop.
 17944 | Orc:2    | Bought 2 potions of resistance for 260 gold pieces
 17944 | Orc:2    | Bought a potion of heal wounds for 65 gold pieces
 17944 | Orc:2    | Bought a potion of heal wounds for 65 gold pieces
 17944 | Orc:2    | Bought a potion of heal wounds for 65 gold pieces
 18223 | Orc:2    | Reached XP level 15. HP: 93/93 MP: 22/22
 18637 | Orc:2    | Found Liuno's Antique Weapon Emporium.
 18637 | Orc:2    | Found Buixeac's Book Shoppe.
 18638 | Orc:2    | Found a one-way gate leading to the halls of Pandemonium.
 18735 | D:11     | Found a transporter.
 18933 | D:11     | Reached skill level 15 in Axes
 19443 | D:11     | Noticed Erolcha
 19451 | D:11     | Killed Erolcha
 19612 | D:11     | Found a transporter.
 20807 | D:12     | Found a glowing silver altar of Zin.
 21077 | D:13     | Learned a level 2 spell: Cigotuvi's Dreadful Rot
 21085 | D:13     | Found a gate to the Vaults.
 21251 | D:13     | Found a transporter.
 21256 | D:13     | Noticed a fire giant
 21258 | D:13     | Found a transporter.
 21258 | D:13     | Noticed Dasoin's ghost (journeyman DrCj)
 21351 | D:13     | Reached skill level 1 in Necromancy
 22357 | D:14     | Found a transporter.
 22358 | D:14     | Noticed jejorda2's ghost (journeyman MfBe)
 22382 | D:14     | Found a transporter.
 22391 | D:14     | Reached skill level 2 in Necromancy
 22393 | D:14     | Found Zezas's Weapon Shoppe.
 22437 | D:14     | Reached XP level 16. HP: 100/100 MP: 24/24
 22491 | D:14     | Found a radiant altar of Vehumet.
 22506 | D:14     | Identified the +0 mace "Xebroabi" {protect, Drain rF+ Str+2
                  | Int+6}
 22521 | D:14     | Found Gacuw's Antique Weapon Shoppe.
 22730 | D:14     | Found a runed translucent door.
 22904 | D:14     | Reached skill level 10 in Invocations
 23000 | D:14     | Got Irchenut's Thorough Guide to the Arcane Arts
 23001 | D:14     | Identified the amulet of Ygimomm {rC+ Regen+ Int+2 SInv}
 23044 | D:14     | Found Hodokhle's Distillery.
 23051 | D:14     | Bought a potion of experience for 550 gold pieces
 23051 | D:14     | Reached XP level 17. HP: 106/106 MP: 25/25
 23162 | D:15     | Entered Level 15 of the Dungeon
 23162 | D:15     | Found Kunoin's Magic Scroll Boutique.
 23172 | D:15     | Bought a scroll of teleportation for 39 gold pieces
 23174 | D:15     | Found Ebby's Jewellery Shop.
 23568 | D:15     | Reached skill level 3 in Necromancy
 23660 | D:15     | Found Uxeuvot's Magic Scroll Shoppe.
 23689 | D:15     | Found a glowing golden altar of the Shining One.
 23749 | D:15     | Reached skill level 5 in Spellcasting
 23811 | D:15     | Found Jaups's Armour Shoppe.
 23939 | D:15     | Found a staircase to the Depths.
 24152 | D:15     | Found a hazy altar of Hepliaklqana.
 24325 | Shoals:1 | Entered Level 1 of the Shoals
 24781 | Shoals:1 | Noticed Mlioglotl
 24788 | Shoals:1 | Killed Mlioglotl
 24814 | Shoals:1 | Reached skill level 4 in Necromancy
 25038 | Shoals:1 | Noticed Frances
 25048 | Shoals:1 | Killed Frances
 25230 | Shoals:1 | Found a runed translucent door.
 25231 | Shoals:1 | Noticed Ivofaura's ghost (journeyman FeSu)
 25343 | Shoals:1 | Killed Ivofaura's ghost
 25372 | Shoals:2 | Noticed Polyphemus
 25497 | Elf:1    | Entered Level 1 of the Elven Halls
 25843 | Elf:1    | Noticed Nikola
 25853 | Elf:1    | Killed Nikola
 25941 | Elf:1    | Paralysed by an air elemental for 1 turns
 25956 | Elf:1    | Reached XP level 18. HP: 46/112 MP: 20/27
 26043 | Elf:1    | Learned a level 4 spell: Dispel Undead
 26152 | Elf:1    | Found Zireihu's Book Boutique.
 26153 | Elf:1    | Found Lugoad's Jewellery Shoppe.
 26154 | Elf:1    | Found Huumpe's Book Boutique.
 26160 | Elf:1    | Bought Oqusaopt's Disquisition on Grit for 196 gold pieces
 26163 | Elf:1    | Learned a level 2 spell: Passwall
 26381 | Elf:2    | Reached skill level 5 in Necromancy
 26479 | Elf:2    | Found Ucamp's Assorted Antiques.
 26486 | Elf:2    | Reached skill level 1 in Transmutations
 26501 | Elf:2    | Reached skill level 1 in Earth Magic
 26756 | Spider:1 | Entered Level 1 of the Spider Nest
 27257 | Spider:1 | Paralysed by a jorogumo for 1 turns
 28579 | Spider:2 | Reached skill level 6 in Necromancy
 28658 | Spider:2 | Learned a level 5 spell: Borgnjor's Vile Clutch
 28867 | Spider:2 | You are sucked into a shaft and drop 1 floor!
 29560 | Spider:3 | Identified the ring "Meghay" {Contam rF+ AC+4 Str+6}
 29606 | Spider:3 | Reached skill level 7 in Necromancy
 29915 | Spider:4 | Entered Level 4 of the Spider Nest
 30014 | Spider:4 | Reached skill level 8 in Necromancy
 30014 | Spider:4 | Reached XP level 19. HP: 105/118 MP: 30/30
 30510 | Shoals:2 | Reached skill level 5 in Earth Magic
 30850 | Shoals:2 | Reached skill level 9 in Necromancy
 31818 | Shoals:2 | Noticed Ilsuiw
 31831 | Shoals:2 | Killed Ilsuiw
 31836 | Shoals:2 | Reached skill level 10 in Necromancy
 32058 | Shoals:2 | Noticed a tentacled monstrosity
 32063 | Shoals:2 | Killed a tentacled monstrosity
 32088 | Shoals:2 | Got Dispater's Compendium of Mad Ravings
 32090 | Shoals:2 | Identified the ring "Jerro" {MP+9 Str+6 Dex+7}
 32275 | Orc:2    | Bought an Inescapable Atlas for 384 gold pieces
 32278 | Orc:2    | Learned a level 2 spell: Blink
 32944 | Shoals:3 | Reached skill level 1 in Translocations
 33721 | Shoals:3 | Reached skill level 11 in Necromancy
 33923 | Shoals:4 | Entered Level 4 of the Shoals
 34245 | Shoals:4 | Got a barnacled rune of Zot
 34882 | Shoals:4 | Identified the +7 glaive of Governance {pain, rF+++ Int-5}
 34959 | Shoals:4 | Learned a level 6 spell: Death Channel
 35061 | Shoals:4 | Identified the +8 plate armour of Ekukes {Int+2}
 35571 | Spider:4 | Reached XP level 20. HP: 124/124 MP: 31/31
 35615 | Spider:4 | Reached skill level 12 in Necromancy
 35975 | Spider:4 | Reached skill level 1 in Shields
 36748 | Spider:4 | Got a gossamer rune of Zot
 37050 | Elf:2    | Found a runed translucent door.
 37050 | Elf:2    | Noticed pigah's ghost (adept OpAE)
 37403 | Elf:2    | Found a huge runed translucent gate.
 37403 | Elf:2    | Found a huge runed translucent gate.
 37403 | Elf:2    | Found a huge runed translucent gate.
 37405 | Elf:2    | Found a huge runed translucent gate.
 37406 | Elf:2    | Found a huge runed translucent gate.
 37513 | Elf:2    | Killed pigah's ghost
 37614 | Elf:3    | Entered Level 3 of the Elven Halls
 37632 | Elf:3    | Reached skill level 5 in Translocations
 38199 | Elf:3    | Found an ancient bone altar of Kikubaaqudgha.
 38715 | Vaults:1 | Entered Level 1 of the Vaults
 38951 | Vaults:1 | Found Gettunum's Antique Weapon Boutique.
 39083 | Vaults:1 | Found Veyguuczupa's General Store.
 39092 | Vaults:1 | Bought a scroll of teleportation for 33 gold pieces
 39859 | Vaults:1 | Reached skill level 13 in Necromancy
 40333 | Vaults:1 | Found Piulew's Assorted Antiques.
 40341 | Vaults:1 | Identified a scroll of acquirement
 40342 | Vaults:1 | Acquired the +7 tower shield of Submission {+Blink rC+
                  | Int+3}
 40755 | Vaults:1 | Found Duhat's Distillery.
 41037 | Elf:2    | Bought a runed bone wand for 184 gold pieces
 41291 | D:15     | Bought a scroll of enchant armour for 112 gold pieces
 41291 | D:15     | Bought a scroll of fear for 60 gold pieces
 41310 | D:15     | Bought a scroll of blinking for 97 gold pieces
 41514 | Vaults:1 | Noticed a Brimstone Fiend
 41514 | Vaults:1 | Noticed a dread lich
 41519 | Vaults:1 | Found Hicsutu's Antique Armour Shoppe.
 41674 | Vaults:1 | Reached skill level 5 in Shields
 41677 | Vaults:1 | Reached XP level 21. HP: 115/128 MP: 24/32
 41685 | Vaults:1 | Killed a dread lich
 41897 | Vaults:2 | Found a staircase to the Crypt.
 42005 | Vaults:2 | Found Toyw Pab's Weapon Boutique.
 42327 | Vaults:2 | Reached skill level 14 in Necromancy
 42508 | Vaults:2 | Noticed Bai Suzhen
 42624 | Vaults:2 | Killed Bai Suzhen
 43473 | Vaults:3 | Noticed Aizul
 43487 | Vaults:3 | Killed Aizul
 44438 | Vaults:3 | Found Avojo's Antique Weapon Emporium.
 44450 | Vaults:3 | Bought a runed broad axe for 189 gold pieces
 44645 | Vaults:3 | Noticed Jory
 44660 | Vaults:3 | Killed Jory
 45145 | Vaults:4 | Noticed Boris
 45149 | Vaults:4 | Noticed Frederick
 45164 | Vaults:4 | Killed Frederick
 45164 | Vaults:4 | Killed Boris
 45165 | Vaults:4 | Reached skill level 10 in Shields
 45282 | Vaults:4 | Reached skill level 15 in Necromancy
 46125 | Vaults:4 | Reached XP level 22. HP: 124/134 MP: 33/33
 46612 | Vaults:4 | Identified the +5 kite shield of Awe {rF+ Int+6 Dex+4
                  | Slay-4}
 46612 | Vaults:4 | Noticed Donald
 46620 | Vaults:4 | Killed Donald
 46897 | Vaults:4 | Reached skill level 10 in Earth Magic
 47299 | Depths:1 | Entered Level 1 of the Depths
 47299 | Depths:1 | Noticed a golden dragon
 47312 | Depths:1 | Killed a golden dragon
 47557 | Depths:1 | Found a gateway to Hell.
 48362 | Depths:2 | Reached skill level 16 in Necromancy
 48441 | Depths:2 | Noticed a juggernaut
 48450 | Depths:2 | Killed a juggernaut
 48830 | Depths:2 | Noticed a juggernaut
 48850 | Depths:2 | Killed a juggernaut
 49356 | Orc:2    | Bought a scroll of enchant weapon for 112 gold pieces
 49356 | Orc:2    | Bought a scroll of enchant weapon for 112 gold pieces
 49356 | Orc:2    | Bought a scroll of teleportation for 45 gold pieces
 49569 | Depths:2 | Found a white marble altar of Elyvilon.
 49571 | Depths:2 | Found a hide-covered altar of Uskayaw.
 49571 | Depths:2 | Found an ancient bone altar of Kikubaaqudgha.
 49571 | Depths:2 | Found a sparkling altar of Nemelex Xobeh.
 49794 | Depths:2 | Found a burning altar of Makhleb.
 49806 | Depths:2 | Reached XP level 23. HP: 139/139 MP: 34/34
 50017 | Depths:2 | Identified the +5 falchion "Foptyid" {drain, rC- rN+++
                  | Will-}
 50070 | Depths:2 | Found a runed translucent door.
 50158 | Depths:2 | Noticed a caustic shrike
 50171 | Depths:2 | Killed a caustic shrike
 50704 | Depths:2 | Reached skill level 17 in Necromancy
 50727 | Depths:2 | Noticed a caustic shrike
 50745 | Depths:2 | Killed a caustic shrike
 50746 | Depths:2 | Reached skill level 15 in Shields
 51134 | Depths:2 | Identified the +3 great sword of Infection {speed, Dex+3}
 51144 | Depths:2 | Found the ring of Shadows {Umbra +Inv Stlth+}
 51146 | Depths:2 | Identified the +4 scale mail of Yrihy {rPois Int-3 Stlth+}
 51433 | Depths:2 | Identified the +9 scimitar of the Sky {holy, rPois rF- rN+
                  | Will+}
 51522 | Depths:3 | Found a portal to a secret trove of treasure.
 51604 | Depths:3 | Acquired 655 gold pieces
 51617 | Depths:3 | Identified the +1 pair of gloves of Summer {rElec rPois
                  | Regen+}
 51746 | Depths:3 | Noticed Boris
 51764 | Depths:3 | Killed Boris
 51799 | Depths:3 | Learned a level 3 spell: Vampiric Draining
 51960 | Depths:3 | Identified the +2 ring mail of the Salmon {rN+ Stlth+}
 51977 | Depths:3 | Noticed Vv
 52152 | Depths:3 | Found a one-way gateway to a ziggurat.
 52167 | Depths:3 | Noticed Sojobo
 52179 | Depths:3 | Killed Sojobo
 52533 | Depths:3 | Killed Vv
 52758 | Depths:3 | Reached XP level 24. HP: 145/145 MP: 26/34
 53096 | Depths:4 | Entered Level 4 of the Depths
 53170 | Depths:4 | Learned a level 8 spell: Infestation
 53217 | Depths:4 | Reached skill level 18 in Necromancy
 53345 | Depths:4 | Noticed a juggernaut
 53353 | Depths:4 | Killed a juggernaut
 53417 | Depths:4 | Found a gate to the Realm of Zot.
 53485 | Depths:4 | Found a bloodstained altar of Trog.
 53485 | Depths:4 | Found a burning altar of Makhleb.
 53487 | Depths:4 | Found a glowing golden altar of the Shining One.
 53805 | Depths:4 | Reached skill level 15 in Armour
 53815 | Depths:4 | Found the +5 sword of Power {vorpal}
 53818 | Depths:4 | Noticed a juggernaut
 53852 | Depths:4 | Noticed a caustic shrike
 54361 | D:10     | Killed KennySheep's ghost
 54445 | Orc:2    | Killed Shard1697's ghost
 54800 | Elf:3    | Identified the +10 mace of Prudence {freeze, rF- rC+ Int+7}
 54808 | Elf:3    | Found the +8 Vampire's Tooth {vamp}
 54815 | Elf:3    | Identified the +1 morningstar of the Hawk {drain, rElec
                  | rPois rF- rN+++ Dex-4}
 54818 | Elf:3    | Identified the +1 robe of the Ego {rElec Dex+2 Slay+2}
 54837 | Elf:3    | Identified the ring "Uxzoh" {Fire *Corrode rElec rPois
                  | Str+3}
 54845 | Elf:3    | Identified the +0 chain mail of Yfexede {rC+ Regen+}
 54866 | Elf:3    | Identified the +5 morningstar of Defilement {holy, +Blink
                  | Dex+2 SInv}
 55702 | Depths:4 | Reached skill level 19 in Necromancy
 55863 | Depths:4 | Reached XP level 25. HP: 118/152 MP: 36/36
 56240 | Depths:4 | Identified the +7 chain mail of Submission {Contam rCorr
                  | Dex+5 Slay+2}
 56241 | Depths:4 | Identified the +1 robe of Zin's Respect {rF+ rC+}
 56638 | Vaults:5 | Entered Level 5 of the Vaults
 57140 | Vaults:5 | Noticed a dread lich
 57147 | Vaults:5 | Killed a dread lich
 57426 | Vaults:5 | Identified the +4 dagger of Twilight {vorpal, rC+ Int+2
                  | Dex+3}
 57476 | Vaults:5 | Noticed a dread lich
 57485 | Vaults:5 | Killed a dread lich
 57572 | Vaults:5 | Noticed a dread lich
 57580 | Vaults:5 | Killed a dread lich
 57807 | Vaults:5 | Found Ycutaefu's Magic Scroll Emporium.
 57826 | Vaults:5 | Noticed an ancient lich
 57838 | Vaults:5 | Reached skill level 10 in Dodging
 58117 | Vaults:5 | Reached skill level 20 in Necromancy
 58184 | Vaults:5 | Killed an ancient lich
 58343 | Vaults:5 | Found Yrabbaim's Magic Scroll Shop.
 58432 | Vaults:5 | Bought a scroll of blinking for 142 gold pieces
 58550 | Vaults:5 | Found Niwaskask's Magic Scroll Shoppe.
 58555 | Vaults:5 | Bought a scroll of fear for 56 gold pieces
 58555 | Vaults:5 | Bought a scroll of blinking for 105 gold pieces
 58555 | Vaults:5 | Bought a scroll of blinking for 105 gold pieces
 58555 | Vaults:5 | Bought a scroll of teleportation for 42 gold pieces
 58555 | Vaults:5 | Bought a scroll of fog for 56 gold pieces
 58555 | Vaults:5 | Bought a scroll of magic mapping for 105 gold pieces
 58690 | Vaults:5 | Got a silver rune of Zot
 59255 | Zot:1    | Entered Level 1 of the Realm of Zot
 59285 | Zot:1    | Noticed a Killer Klown
 59296 | Zot:1    | Reached XP level 26. HP: 139/159 MP: 21/37
 59296 | Zot:1    | Killed a Killer Klown
 59722 | Zot:1    | Reached skill level 21 in Necromancy
 60451 | Zot:1    | Noticed an orb of fire
 61481 | Zot:2    | Reached skill level 22 in Necromancy
 62170 | Zot:3    | Acquired 760 gold pieces
 62530 | Zot:3    | Reached skill level 23 in Necromancy
 63040 | Zot:4    | Reached XP level 27. HP: 153/164 MP: 37/37
 63065 | Zot:4    | Identified the amulet "Yce Iczo" {Reflect Drain rC+ SH+5
                  | Stlth+}
 63715 | Zot:4    | Reached skill level 24 in Necromancy
 64110 | Zot:5    | Entered Level 5 of the Realm of Zot
 64197 | Zot:5    | Noticed an orb of fire
 64197 | Zot:5    | Gained mutation: You have hidden genetic defects. [an orb
                  | of fire]
 64208 | Zot:5    | Gained mutation: You have a pair of small horns on your
                  | head. [an orb of fire]
 64209 | Zot:5    | Gained mutation: You are clumsy. (Dex -2) [an orb of fire]
 64214 | Zot:5    | Killed an orb of fire
 64215 | Zot:5    | Reached skill level 15 in Invocations
 64562 | Zot:5    | Noticed a dread lich
 64567 | Zot:5    | Noticed a dread lich
 64570 | Zot:5    | Killed a dread lich
 64576 | Zot:5    | Killed a dread lich
 64583 | Zot:5    | Noticed an orb of fire
 64585 | Zot:5    | Noticed an orb of fire
 64585 | Zot:5    | Gained mutation: You have terrible hidden genetic defects.
                  | [hidden defects]
 64588 | Zot:5    | Noticed an orb of fire
 64592 | Zot:5    | Killed an orb of fire
 64593 | Zot:5    | Reached skill level 25 in Necromancy
 64595 | Zot:5    | Gained mutation: Armour fits poorly on your strangely
                  | shaped body. [an orb of fire]
 64687 | Zot:5    | Noticed an orb of fire
 64702 | Zot:5    | Gained mutation: You are weak. (Str -2) [an orb of fire]
 64706 | Zot:5    | Gained mutation: Your magical capacity is low. (-10% MP)
                  | [an orb of fire]
 64708 | Zot:5    | Killed an orb of fire
 64894 | Zot:5    | Noticed an ancient lich
 64899 | Zot:5    | Noticed an orb of fire
 64900 | Zot:5    | Gained mutation: Your magical capacity is very low. (-20%
                  | MP) [an orb of fire]
 64902 | Zot:5    | Killed an ancient lich
 64914 | Zot:5    | HP: 6/164 [orb of fire/fireball (36)]
 64914 | Zot:5    | Killed from afar by an orb of fire

Illustrated notes

Levels and vault maps discovered:
D:1:      scummos_arrival_gate, layout_basic, basic_ecumenical_altar,
          st_stairs_1, minmay_misc_feat_diagonals
D:2:      layout_basic, serial_shops, nicolae_shop_waterfront,
          minmay_fractal_squares_5, uniq_terence, uniq_crazy_yiuf_cottage
D:3:      layout_rooms, serial_shops, nicolae_shop_bloodbath_and_beyond
D:4:      layout_cave_pools, kennysheep_generic_room_12, uniq_grinder
D:5:      cheibrodos_fzero, layout_layer_cave, minmay_temple_entry_butterflies,
          minmay_crystal_water
D:6:      layout_rooms, serial_shops, nicolae_shop_advertising_works
          [nicolae_subvault_shop_adworks], minmay_misc_feat_five,
          nicolae_shop_unique_rings, uniq_maggie
D:7:      layout_cave_pools, nicolae_shop_clearance
D:8:      minmay_gate_of_8, layout_cave_pods
D:9:      layout_basic, kennysheep_mini_moat
D:10:     layout_cave_pods, david_lair_generic, orc_0_dummy,
          gammafunk_ghost_abyssal_escape, fountainhead
D:11:     layout_gridville, grunt_ministairs_5, nicolae_diode_stairs,
          uniq_erolcha
D:12:     layout_loops_corners, zin_treasury
D:13:     layout_cave_pods, david_vaults_4, gammafunk_ghost_arena,
          lemuel_freeze_loot_1
D:14:     layout_loops_ring, vehumet_crystals, gammafunk_ghost_arena,
          serial_shops, nicolae_shop_trees, nicolae_lakefront_shop, shop,
          minivault_13
D:15:     grunt_enter_depths_snipers, layout_stronghold,
          nzn_hepliaklqana_mist_gate, serial_shops, nicolae_shop_hallway_stairs,
          nicolae_shop_waterfront, shop_scrolls, shop, minivault_16,
          tso_metal_star
Lair:1:   layout_cave_pods, grunt_megastairs_2
Lair:2:   layout_loops_ring, elwin_shoals_entry_stream, spider_nest_entry_a,
          nicolae_volcano_entry_s_turn, chequers_serial_rivers_micro_e
Lair:3:   layout_regular_city, grunt_megastairs_5
Lair:4:   layout_roguey, minmay_slime_entry_pillars, serial_bayou_pond_b,
          nicolae_quartered_pool_super, infiniplex_staircase_pool_2
Lair:5:   minmay_lair_end_enchanted_forest, layout_cave_pods,
          minmay_lair_drake_nest, serial_bayou_shore_b, lemuel_fruit_fields
Shoals:1: layout_shoals, gammafunk_ghost_grave, uniq_frances, uniq_mlioglotl
Shoals:2: dreamdust_from_the_deep, layout_shoals, uniq_ilsuiw, uniq_polyphemus
Shoals:3: layout_shoals
Shoals:4: shoals_end_grunt_garden, layout_shoals
Spider:1: layout_chambers, nicolae_looking_at_the_future
Spider:2: layout_spider_delve
Spider:3: cheibrodos_spider_silkery
Spider:4: grunt_spider_rune_island
Orc:1:    layout_caves
Orc:2:    pf_orc_diabolical, layout_diamond_mine, serial_shops, shop,
          gammafunk_ghost_arena, uniq_urug, uniq_rupert
Elf:1:    elf_arrival_001, layout_geoelf_diagonals, minivault_28, drop_trap,
          minmay_shop_grove, uniq_nikola
Elf:2:    elven_hall_of_blades_hangedman_alternative [grunt_blade_entry_basic],
          layout_geoelf_octagon, hellmonk_ghost_happy_afterlife, serial_shops,
          shop, lemuel_flamethrower_3
Elf:3:    elf_hall, layout_onion_city, basic_altar
Vaults:1: hangedman_vaults_variations, hangedman_vaults_unwind, v_misc_17,
          nicolae_vaults_bisected_exclaves, vaults_dpeg_hooks,
          vaults_room_fancy_cross, nicolae_vaults_network_square,
          grunt_vaults_twisty, hangedman_vaults_cutoff, v_alt_pattern_1,
          nicolae_vaults_murderbox, layout_vaults_omnicross, serial_shops,
          nicolae_shop_behind_doors, nicolae_diamond_shop, shop,
          nicolae_shop_statue_plus, shop
Vaults:2: nicolae_vaults_inception_statues, ontoclasm_vaults_ring_square,
          hangedman_vaults_corner, nicolae_vaults_shelves_hall, st_cells,
          ontoclasm_vaults_pinch, v_misc_4, vaults_room_stairs_pillars,
          nicolae_vaults_little_squares_1, layout_vaults_omnigrid, serial_shops,
          nicolae_shop_waterfront, uniq_bai_suzhen
Vaults:3: mu_enter_wizlab_2, hangedman_vaults_nodes, serial_ice_h, v_pattern_1,
          hangedman_vaults_pinch, ontoclasm_vaults_ring_small,
          ontoclasm_vaults_misaligned, nicolae_vaults_angled_halls,
          nicolae_vaults_asterisk, ontoclasm_vaults_loading_screen,
          ontoclasm_vaults_ring_square, vaults_dpeg_cross,
          nicolae_vaults_little_squares_4, layout_vaults_ring, serial_shops,
          shop, uniq_jory, uniq_aizul
Vaults:4: v_misc_2, ontoclasm_vaults_chip, nicolae_vaults_theta,
          vaults_room_stairs_pillars, ontoclasm_vaults_shout,
          hangedman_vaults_impose, nicolae_vaults_mini_display_case,
          vaults_room_pools, hangedman_vaults_restitches, vaults_dpeg_ring,
          hangedman_vaults_slice, layout_vaults_chaotic_city, uniq_donald,
          uniq_frederick, uniq_boris
Vaults:5
Depths:1: layout_cave_pools, hell_entry, nrook_loot_triangle,
          kennysheep_generic_room_14
Depths:2: minmay_the_grid_ultimate [minmay_the_grid_prize_four_corners,
          minmay_the_grid_prize_diamond_cup, minmay_the_grid_prize_big_room,
          minmay_the_grid_prize_shrinking_boxes,
          minmay_the_grid_square_5x5_eight,
          minmay_the_grid_square_5x5_three_walls,
          minmay_the_grid_square_5x5_checkered_statues,
          minmay_the_grid_square_5x5_v, minmay_the_grid_square_5x5_forky,
          minmay_the_grid_square_5x5_trominoes,
          minmay_the_grid_square_5x5_six_small,
          minmay_the_grid_square_5x5_corner, minmay_the_grid_square_5x5_bridge,
          minmay_the_grid_square_5x5_tetrominoes,
          minmay_the_grid_square_5x5_broken_cross,
          minmay_the_grid_square_5x5_six, minmay_the_grid_square_5x5_seven,
          minmay_the_grid_square_5x5_hourglass,
          minmay_the_grid_square_5x5_shrine1,
          minmay_the_grid_triangle_9x9_cache,
          minmay_the_grid_triangle_9x9_minimal,
          minmay_the_grid_triangle_9x9_swiss_cheese,
          minmay_the_grid_triangle_9x9_from_above,
          minmay_the_grid_triangle_9x9_shrine,
          minmay_the_grid_triangle_9x9_empty,
          minmay_the_grid_triangle_9x9_descending_squares,
          minmay_the_grid_triangle_9x9_longest,
          minmay_the_grid_triangle_9x9_flanged_cone,
          minmay_the_grid_triangle_9x9_windchime,
          minmay_the_grid_triangle_9x9_wacky_v,
          minmay_the_grid_triangle_9x9_zippers_vertical,
          minmay_the_grid_triangle_9x9_stretched_checkered,
          minmay_the_grid_triangle_9x9_semitri,
          minmay_the_grid_triangle_9x9_subtriangle,
          minmay_the_grid_triangle_9x9_sprig,
          minmay_the_grid_square_5x5_n_small, minmay_the_grid_octo_teeth,
          minmay_the_grid_octo_77, minmay_the_grid_octo_vomiting_pacman,
          minmay_the_grid_octo_checkerflower, minmay_the_grid_octo_fan_narrow,
          minmay_the_grid_octo_concentric, minmay_the_grid_octo_shrine,
          minmay_the_grid_octo_toaster, minmay_the_grid_stretched_grid,
          minmay_the_grid_medium_cups, minmay_the_grid_minigrid_large,
          minmay_the_grid_paths], hell_entry, pan_entry
Depths:3: kennysheep_scales, layout_gridlike, enter_ziggurat_c,
          pf_hell_entry_tar_river, hangedman_abyss_entry_splay,
          minmay_misc_feat_roman, nicolae_trove_entry_free_sample, uniq_sojobo,
          uniq_vv
Depths:4: hangedman_slaughterboxes, pan_entry, hell_entry
Zot:1:    layout_gridlike, hangedman_player_shredder
Zot:2:    layout_concentric_octagons
Zot:3:    layout_concentric_octagons
Zot:4:    layout_onion_interference, st_stairs_1
Zot:5:    layout_gridville

Skill      XL: |  1  2  3  4  5  6  7  8  9 10 11 12 13 14 15 16 17 18 19 20 21 22 23 24 25 26 27 |
---------------+----------------------------------------------------------------------------------+-----
Maces & Flails | 1 2 |  2.0
Armour         | 1 2 3 4 5 6 7 8 9 10 11 13 14 15 17 | 17.0
Fighting       | 4 5 6 7 8 9 10 11 12 13 14 | 14.3
Axes           | 1 2 3 4 7 9 10 12 13 14 15 16 17 | 17.9
Invocations    | 1 2 3 4 5 6 7 8 9 10 11 12 14 15 | 15.6
Stealth        | 6 7 8 9 10 11 | 11.4
Dodging        | 3 5 7 9 10 | 10.1
Evocations     | 1 3 4 |  4.6
Spellcasting   | 1 3 4 5 6 8 9 |  9.0
Air Magic      | 1 6 9 11 13 | 13.2
Necromancy     | 2 4 8 11 13 15 16 17 19 20 23 25 | 25.3
Transmutations | 2 |  2.8
Earth Magic    | 4 7 8 9 11 12 | 12.0
Translocations | 3 5 |  5.9
Shields        | 5 10 14 16 17 | 17.3
Long Blades    | |  2.3

Action                   |  1- 3 |  4- 6 |  7- 9 | 10-12 | 13-15 | 16-18 | 19-21 | 22-24 | 25-27 || total
-------------------------+-------+-------+-------+-------+-------+-------+-------+-------+-------++-------
Melee: Falchion          |     8 |       |       |       |       |       |       |       |       ||     8
       Flail             |    52 |    86 |   140 |       |       |       |       |       |       ||   278
       Kick              |    10 |    18 |    41 |   103 |   326 |   275 |   312 |   372 |   444 ||  1901
       Peck              |     1 |     3 |    25 |    67 |   180 |   165 |   190 |   243 |   266 ||  1140
       Punch             |       |     1 |     1 |     2 |       |       |       |       |       ||     4
       War axe           |       |       |    28 |   290 |   769 |   597 |   308 |       |       ||  1992
       Staff             |       |       |       |       |       |       |    38 |     8 |     2 ||    48
       Broad axe         |       |       |       |       |       |       |   237 |   607 |   709 ||  1553
       Headbutt          |       |       |       |       |       |       |       |       |    42 ||    42
Throw: Throwing net      |       |       |       |       |     1 |       |       |       |       ||     1
 Cast: Airstrike         |       |       |       |       |       |    62 |   152 |     1 |     3 ||   218
       Borgnjor's Vile C |       |       |       |       |       |       |   279 |   262 |   192 ||   733
       Passwall          |       |       |       |       |       |       |     5 |       |       ||     5
       Death Channel     |       |       |       |       |       |       |       |     5 |    19 ||    24
       Infestation       |       |       |       |       |       |       |       |       |     6 ||     6
Invok: Temporal Distorti |       |       |       |     1 |     3 |     1 |     3 |     1 |       ||     9
       Slouch            |       |       |       |       |     2 |     8 |     1 |       |     4 ||    15
       Bend Time         |       |       |       |       |     1 |     1 |     1 |       |     1 ||     4
Evoke: Wand              |       |       |     2 |     1 |     4 |       |       |       |       ||     7
  Use: Scroll            |     3 |     6 |    11 |     6 |     4 |     3 |    22 |     5 |     9 ||    69
       Potion            |       |       |     1 |       |       |     5 |     4 |     1 |     2 ||    13
 Stab: Sleeping          |     4 |       |       |       |       |       |       |       |       ||     4
       Petrified         |       |       |       |     1 |       |       |       |       |       ||     1
       Distracted        |       |       |       |       |       |     1 |       |     3 |    13 ||    17
       Invisible         |       |       |       |       |       |       |     4 |       |       ||     4
       Held in net/web   |       |       |       |       |       |       |     1 |       |       ||     1
Armor: Leather armour    |    15 |       |       |       |       |       |       |       |       ||    15
       Plate armour      |    19 |    43 |    63 |    49 |    26 |       |       |       |       ||   200
       Crystal plate arm |       |       |       |       |   201 |   339 |   426 |   216 |   323 ||  1505
Dodge: Dodged            |    38 |    44 |   185 |   195 |   491 |   549 |   621 |   229 |   389 ||  2741
Block: Other             |       |    12 |    56 |    27 |       |       |       |       |       ||    95
       Reflection        |       |       |     5 |     1 |    34 |     1 |       |       |       ||    41
       Buckler           |       |       |       |    99 |   407 |   199 |   249 |       |       ||   954
       Tower shield      |       |       |       |       |       |       |   134 |   910 |  1144 ||  2188

Table legend: (Time is in decaauts)
 A = Elapsed time spent in this place.
 B = Non-inter-level travel time spent in this place.
 C = Inter-level travel time spent in this place.
 D = Time resting spent in this place.
 E = Time spent auto-exploring this place.
 F = Levels seen in this place.
 G = Mean time per level.
                   A        B        C        D        E       F      G
               +--------+--------+--------+--------+--------+-----+--------+
         Total |  99366 |  85849 |  13517 |  11958 |  59945 |  48 | 2070.1 |
       Dungeon |  27671 |  21352 |   6319 |   2862 |  15490 |  15 | 1844.7 |
          Lair |  10452 |   9151 |   1301 |    741 |   7319 |   5 | 2090.4 |
        Shoals |   8369 |   7512 |    857 |   1123 |   5222 |   4 | 2092.2 |
   Spider Nest |   7103 |   6530 |    573 |   1180 |   4223 |   4 | 1775.8 |
  Orcish Mines |   4422 |   3027 |   1395 |    910 |   1633 |   2 | 2211.0 |
   Elven Halls |   5666 |   4851 |    815 |    443 |   3725 |   3 | 1888.7 |
        Vaults |  15483 |  14357 |   1126 |   2643 |   9462 |   5 | 3096.6 |
        Depths |  10913 |   9907 |   1006 |   1304 |   6294 |   4 | 2728.2 |
           Zot |   8969 |   8847 |    122 |    709 |   6498 |   5 | 1793.8 |
       Volcano |    314 |    314 |      0 |     40 |     77 |   1 |  314.0 |
               +--------+--------+--------+--------+--------+-----+--------+

Top non-repeatable levels by time:
Depths:2: 4220 daAuts
   Orc:2: 3716 daAuts
Vaults:1: 3632 daAuts
    D:13: 3489 daAuts
     D:8: 3436 daAuts
Vaults:5: 3242 daAuts
Vaults:4: 3204 daAuts
    D:10: 2789 daAuts
Depths:3: 2724 daAuts
Vaults:2: 2711 daAuts
Shoals:2: 2709 daAuts
Vaults:3: 2692 daAuts
Depths:4: 2557 daAuts
    D:14: 2493 daAuts
Spider:1: 2419 daAuts
